MINNESOTA Wild vs LOS ANGELES Kings

Created - 15 avril 2024 at 23:29

Goals
1 2 3 T
MINNESOTA Wild 3 0 0 3
LOS ANGELES Kings 0 2 0 2
Shots
1 2 3 T
MINNESOTA Wild 13 8 8 29
LOS ANGELES Kings 6 14 8 28

1st period

1. MINNESOTA Wild , Kevin Fiala 25 (Robert Thomas 45, Alexandre Carrier 45) at 5:35
2. MINNESOTA Wild , Martin Necas 30 (Alexandre Carrier 46, Robert Thomas 46) at 6:07
3. MINNESOTA Wild , Taylor Hall 16 (Trevor Moore 23, Caleb Jones 16) at 14:20

Penalties :
Dawson Mercer (LAK) for Holding (Minor) at 1:19, Mitchell Marner (LAK) for Roughing (Minor) at 8:42, Morgan Rielly (MIN) for Tripping (Minor) at 18:48

2nd period

4. LOS ANGELES Kings , Calle Rosen 7 (Hampus Lindholm 49, Mark Stone 19) at 5:51 (PP)
5. LOS ANGELES Kings , Hampus Lindholm 16 (Dawson Mercer 39) at 12:41 (PP)

Penalties :
Martin Necas (MIN) for Slashing (Double Minor) at 5:37, Anton Lundell (MIN) for Hooking (Minor) at 12:39, Hampus Lindholm (LAK) for Cross-checking (Minor) at 16:10

3rd period

No Goal

Penalties :
No Penalty

Goalie Stats

Ilya Samsonov (MIN), 26 saves from 28 shots - (0,929), W, 52-23-5, 60:00 minutes
Vitek Vanecek (LAK), 26 saves from 29 shots - (0,897), L, 36-36-2, 59:26 minutes

Players Stats for MINNESOTA Wild

Player Name              G  A  P  +/- PIM S  H  SB GA TA FO     MP     PP MP  PK MP  
------------------------------------------------------------------------------------
Alex Pietrangelo         0  0  0   0  0   1  0  2  0  0  0/0    25:17   2:35   2:03 
Alexandre Carrier        0  2  2   2  0   0  5  0  0  0  0/0    22:30   3:22   2:11 
Anton Lundell            0  0  0   0  2   2  0  0  0  0  4/9     5:08   0:00   0:33 
Caleb Jones              0  1  1   1  0   0  3  0  0  0  0/0    13:09   0:00   0:56 
Denis Malgin             0  0  0   0  0   0  0  0  0  0  0/0     4:36   0:00   0:00 
J.T. Miller              0  0  0   0  0   5  1  0  0  0  18/37  26:51   2:42   3:41 
Kevin Fiala              1  0  1   2  0   3  0  0  0  0  1/2    18:18   3:15   0:00 
Martin Necas             1  0  1   2  4   2  1  0  0  0  0/0    18:17   3:15   0:00 
Mathieu Joseph           0  0  0   0  0   0  0  0  0  0  0/1     4:36   0:00   0:00 
Mattias Ekholm           0  0  0   0  0   4  2  1  0  0  0/0    25:17   2:35   2:03 
Morgan Rielly            0  0  0   2  2   0  0  1  0  0  0/0    21:33   3:22   1:15 
Nikita Kucherov          0  0  0   0  0   2  0  0  0  0  0/2    22:31   2:42   0:00 
Robert Thomas            0  2  2   2  0   2  2  0  0  0  4/18   19:30   3:15   0:33 
Taylor Hall              1  0  1   1  0   1  0  0  0  0  0/0     9:42   0:00   0:00 
Trevor Moore             0  1  1   1  0   1  0  0  0  0  0/0     9:42   0:00   0:00 
Tyler Toffoli            0  0  0   0  0   5  0  0  0  0  1/2    22:31   2:42   0:00 
Yanni Gourde             0  0  0   1  0   1  2  0  0  0  6/13   14:02   0:00   3:41 
Zach Werenski            0  0  0   1  0   0  1  1  0  0  0/0    12:13   0:00   0:00 

Players Stats for LOS ANGELES Kings

Player Name              G  A  P  +/- PIM S  H  SB GA TA FO     MP     PP MP  PK MP  
------------------------------------------------------------------------------------
Anze Kopitar             0  0  0  -2  0   5  5  0  0  0  19/31  24:34   2:34   2:45 
Calle Rosen              1  0  1   0  0   2  2  0  0  0  0/0    17:59   2:00   0:41 
Carl Grundstrom          0  0  0  -1  0   1  3  0  0  0  0/1    14:29   0:00   0:00 
Dawson Mercer            0  1  1   0  2   4  2  0  0  0  15/22  19:23   1:40   2:19 
Dominik Kubalik          0  0  0  -2  0   0  4  0  0  0  1/3    16:42   1:40   0:00 
Drew Doughty             0  0  0  -2  0   1  2  0  0  0  0/0    22:56   2:12   3:12 
Hampus Lindholm          1  1  2  -1  2   3  3  0  0  0  0/0    21:28   2:02   1:59 
Joel Kiviranta           0  0  0   0  0   0  1  0  0  0  0/0     4:24   0:00   0:00 
Jonathan Huberdeau       0  0  0   0  0   0  4  0  0  0  1/3    19:12   2:34   0:44 
Marc Staal               0  0  0  -1  0   0  4  0  0  0  0/0    18:16   0:02   3:01 
Marcus Pettersson        0  0  0   0  0   2  5  1  0  0  0/0    15:18   0:00   0:00 
Mark Stone               0  1  1   0  0   3  0  0  0  0  2/3    17:05   1:40   0:00 
Mitchell Marner          0  0  0  -2  2   3  1  0  0  0  0/1    20:11   2:34   1:45 
Oskar Sundqvist          0  0  0  -1  0   0  2  1  0  0  10/18  15:24   0:00   0:37 
Parker Kelly             0  0  0   0  0   0  0  0  0  0  0/0     0:00   0:00   0:00 
Pierre Engvall           0  0  0   0  0   0  0  0  0  0  2/2     8:08   0:00   3:44 
Rasmus Andersson         0  0  0  -2  0   3  2  4  0  0  0/0    24:02   2:12   3:01 
Rem Pitlick              0  0  0  -1  0   1  0  0  0  0  0/0    14:29   0:00   0:00 

3 Stars

1 - Alexandre Carrier (MIN)
2 - Robert Thomas (MIN)
3 - Kevin Fiala (MIN)

Power Play

MINNESOTA Wild - 0 on 3 Attempt(s) - 0,00%
LOS ANGELES Kings - 2 on 4 Attempt(s) - 50,00%

Penalty Kill

MINNESOTA Wild - 2 on 4 Attempt(s) - 50,00% - Score 0 goal in Penalty Kill
LOS ANGELES Kings - 3 on 3 Attempt(s) - 100,00% - Score 0 goal in Penalty Kill

Team Stat

MINNESOTA Wild - Hits : 17 - Faceoff Wins : 34 - Blocked Shots : 5 - Penalty Minutes : 8
LOS ANGELES Kings - Hits : 40 - Faceoff Wins : 50 - Blocked Shots : 6 - Penalty Minutes : 6

Official

Referees : Reid Anderson and Mitch Dunning
Linesman : Ryan Daisy and Kaylah Krieger

Game Notes

No Game Note

Finance

Level 1 -- Attendance: 5953 (85,04%) -- Ticket Income $583,394
Level 2 -- Attendance: 4010 (80,20%) -- Ticket Income $240,600
Level 3 -- Attendance: 1919 (76,76%) -- Ticket Income $67,165
Level 4 -- Attendance: 4198 (83,96%) -- Ticket Income $83,960
Luxury Box -- Attendance: 847 (84,70%) -- Ticket Income $169,400
Game was played at the Staples Center.
Total Attendance: 16927 (82,57%)
Total Ticket Income: $1,144,519
Other Income: $286,130
Total Income: $1,430,649

MINNESOTA Wild

5 vs 5 Forward 
   Center                   Left Wing                Right Wing               Time % Phy DF OF 
 1 J.T. Miller              Tyler Toffoli            Nikita Kucherov          40     1   2  2  
 2 Robert Thomas            Kevin Fiala              Martin Necas             32     1   2  2  
 3 Yanni Gourde             Taylor Hall              Trevor Moore             20     1   2  2  
 4 Anton Lundell            Mathieu Joseph           Denis Malgin             8      1   3  1  

5 vs 5 Defense 
   Defense                  Defense                                           Time % Phy DF OF 
 1 Alex Pietrangelo         Mattias Ekholm                                    40     1   2  2  
 2 Morgan Rielly            Alexandre Carrier                                 32     1   3  1  
 3 Zach Werenski            Caleb Jones                                       20     1   3  1  
 4 Alex Pietrangelo         Mattias Ekholm                                    8      1   2  2  

PowerPlay Forward 
   Center                   Left Wing                Right Wing               Time % Phy DF OF 
 1 J.T. Miller              Tyler Toffoli            Nikita Kucherov          60     1   1  3  
 2 Robert Thomas            Kevin Fiala              Martin Necas             40     1   1  3  

PowerPlay Defense
   Defense                  Defense                                           Time % Phy DF OF 
 1 Alex Pietrangelo         Mattias Ekholm                                    60     1   2  2  
 2 Morgan Rielly            Alexandre Carrier                                 40     1   2  2  

Penalty Kill 4 Players Forward 
   Center                   Wing                     Time % Phy DF OF 
 1 J.T. Miller              Yanni Gourde             60     1   3  1  
 2 Anton Lundell            Robert Thomas            40     1   3  1  

Penalty Kill 4 Players Defense
   Defense                  Defense                  Time % Phy DF OF 
 1 Alex Pietrangelo         Mattias Ekholm           60     1   3  1  
 2 Morgan Rielly            Alexandre Carrier        40     1   3  1  

Penalty Kill - 3 Players Forward 
   Forward                                           Time % Phy DF OF 
 1 J.T. Miller                                       60     1   3  1  
 2 Yanni Gourde                                      40     1   3  1  

Penalty Kill - 3 Players Defense
   Defense                  Defense                  Time % Phy DF OF 
 1 Alex Pietrangelo         Mattias Ekholm           60     1   3  1  
 2 Morgan Rielly            Alexandre Carrier        40     1   3  1  

4 vs 4 Forward 
   Center                   Wing                     Time % Phy DF OF 
 1 J.T. Miller              Nikita Kucherov          60     1   2  2  
 2 Robert Thomas            Kevin Fiala              40     1   2  2  

4 vs 4 Defense
   Defense                  Defense                  Time % Phy DF OF 
 1 Alex Pietrangelo         Mattias Ekholm           60     1   2  2  
 2 Morgan Rielly            Alexandre Carrier        40     1   2  2  

Last Minutes Offensive
   Center                   Left Wing                Right Wing               Defense                  Defense                  
   J.T. Miller              Tyler Toffoli            Nikita Kucherov          Alex Pietrangelo         Mattias Ekholm           

Last Minutes Defensive
   Center                   Left Wing                Right Wing               Defense                  Defense                  
   J.T. Miller              Yanni Gourde             Robert Thomas            Alex Pietrangelo         Mattias Ekholm           

Goaltenders
Starting : Ilya Samsonov            
Backup : Jack Campbell            

Extra Forwards
Normal : Trevor Moore, Anton Lundell, Mathieu Joseph - PP : Taylor Hall, Yanni Gourde - PK : Trevor Moore
Extra Defensemen
Normal : Zach Werenski, Caleb Jones, Alexandre Carrier - PP : Zach Werenski - PK : Caleb Jones, Zach Werenski
Penalty Shots
Nikita Kucherov, Tyler Toffoli, J.T. Miller, Kevin Fiala, Martin Necas

Scratches
None

LOS ANGELES Kings

5 vs 5 Forward 
   Center                   Left Wing                Right Wing               Time % Phy DF OF 
 1 Anze Kopitar             Dominik Kubalik          Mitchell Marner          40     1   2  2  
 2 Dawson Mercer            Jonathan Huberdeau       Mark Stone               30     1   2  2  
 3 Oskar Sundqvist          Carl Grundstrom          Rem Pitlick              20     2   2  1  
 4 Anze Kopitar             Pierre Engvall           Joel Kiviranta           10     1   2  2  

5 vs 5 Defense 
   Defense                  Defense                                           Time % Phy DF OF 
 1 Drew Doughty             Rasmus Andersson                                  40     1   2  2  
 2 Marc Staal               Hampus Lindholm                                   30     1   2  2  
 3 Marcus Pettersson        Calle Rosen                                       20     1   2  2  
 4 Hampus Lindholm          Rasmus Andersson                                  10     1   2  2  

PowerPlay Forward 
   Center                   Left Wing                Right Wing               Time % Phy DF OF 
 1 Anze Kopitar             Jonathan Huberdeau       Mitchell Marner          60     1   1  3  
 2 Dawson Mercer            Dominik Kubalik          Mark Stone               40     1   1  3  

PowerPlay Defense
   Defense                  Defense                                           Time % Phy DF OF 
 1 Drew Doughty             Rasmus Andersson                                  60     1   2  2  
 2 Calle Rosen              Hampus Lindholm                                   40     1   2  2  

Penalty Kill 4 Players Forward 
   Center                   Wing                     Time % Phy DF OF 
 1 Dawson Mercer            Pierre Engvall           60     1   3  1  
 2 Anze Kopitar             Mitchell Marner          40     1   3  1  

Penalty Kill 4 Players Defense
   Defense                  Defense                  Time % Phy DF OF 
 1 Drew Doughty             Rasmus Andersson         60     1   2  2  
 2 Hampus Lindholm          Marc Staal               40     1   2  2  

Penalty Kill - 3 Players Forward 
   Forward                                           Time % Phy DF OF 
 1 Dawson Mercer                                     60     1   3  1  
 2 Anze Kopitar                                      40     1   3  1  

Penalty Kill - 3 Players Defense
   Defense                  Defense                  Time % Phy DF OF 
 1 Drew Doughty             Rasmus Andersson         60     1   2  2  
 2 Marc Staal               Hampus Lindholm          40     1   2  2  

4 vs 4 Forward 
   Center                   Wing                     Time % Phy DF OF 
 1 Anze Kopitar             Mitchell Marner          60     1   2  2  
 2 Dawson Mercer            Jonathan Huberdeau       40     1   2  2  

4 vs 4 Defense
   Defense                  Defense                  Time % Phy DF OF 
 1 Drew Doughty             Rasmus Andersson         60     1   2  2  
 2 Marc Staal               Hampus Lindholm          40     1   2  2  

Last Minutes Offensive
   Center                   Left Wing                Right Wing               Defense                  Defense                  
   Anze Kopitar             Jonathan Huberdeau       Mitchell Marner          Drew Doughty             Hampus Lindholm          

Last Minutes Defensive
   Center                   Left Wing                Right Wing               Defense                  Defense                  
   Anze Kopitar             Jonathan Huberdeau       Mitchell Marner          Drew Doughty             Rasmus Andersson         

Goaltenders
Starting : Vitek Vanecek            
Backup : Kaapo Kahkonen           

Extra Forwards
Normal : Anze Kopitar, Mitchell Marner, Jonathan Huberdeau - PP : Anze Kopitar, Mitchell Marner - PK : Mitchell Marner
Extra Defensemen
Normal : Marcus Pettersson, Drew Doughty, Rasmus Andersson - PP : Marcus Pettersson - PK : Drew Doughty, Rasmus Andersson
Penalty Shots
Mitchell Marner, Jonathan Huberdeau, Mark Stone, Anze Kopitar, Dawson Mercer

Scratches
None


% Time on Ice - MINNESOTA Wild

Lines # - Real PCT - Wanted PCT - Time Play
Normal Forward
1 - 40% - 40% - 19:49
2 - 31% - 32% - 15:03
3 - 20% - 20% - 9:42
4 - 9% - 8% - 4:36
Normal Defense
1 - 40% - 40% - 19:49
2 - 34% - 32% - 16:57
3 - 24% - 20% - 11:34
4 - 2% - 8% - 0:50
PP Forward
1 - 45% - 60% - 2:42
2 - 55% - 40% - 3:15
PP Defense
1 - 43% - 60% - 2:35
2 - 57% - 40% - 3:22
PK Forward
1 - 87% - 60% - 3:41
2 - 13% - 40% - 0:33
PK Defense
1 - 48% - 60% - 2:03
2 - 52% - 40% - 2:11
PK3 Forward
1 - 0% - 60%
2 - 0% - 40%
PK3 Defense
1 - 0% - 60%
2 - 0% - 40%
44 Forward
1 - 0% - 60%
2 - 0% - 40%
44 Defense
1 - 0% - 60%
2 - 0% - 40%
Last Minute Offensive  - 0:00
Last Minute Defensive  - 0:39
Total
Forward - 60:00
Defense - 60:00

% Time on Ice - LOS ANGELES Kings

Lines # - Real PCT - Wanted PCT - Time Play
Normal Forward
1 - 30% - 40% - 15:02
2 - 31% - 30% - 15:25
3 - 29% - 20% - 14:29
4 - 9% - 10% - 4:24
Normal Defense
1 - 35% - 40% - 17:03
2 - 31% - 30% - 15:13
3 - 31% - 20% - 15:18
4 - 4% - 10% - 1:46
PP Forward
1 - 61% - 60% - 2:34
2 - 39% - 40% - 1:40
PP Defense
1 - 52% - 60% - 2:12
2 - 48% - 40% - 2:02
PK Forward
1 - 63% - 60% - 3:44
2 - 37% - 40% - 2:13
PK Defense
1 - 42% - 60% - 2:29
2 - 58% - 40% - 3:28
PK3 Forward
1 - 0% - 60%
2 - 0% - 40%
PK3 Defense
1 - 0% - 60%
2 - 0% - 40%
44 Forward
1 - 0% - 60%
2 - 0% - 40%
44 Defense
1 - 0% - 60%
2 - 0% - 40%
Last Minute Offensive  - 0:29
Last Minute Defensive  - 0:00
Total
Forward - 60:00
Defense - 60:00

Play-by-Play

1st period


0:01 of 1st period - Anze Kopitar wins face-off versus J.T. Miller in neutral zone.
1:02 of 1st period - Shot by Hampus Lindholm.
1:02 of 1st period - Shot Misses the Net.
1:19 of 1st period - Minor Penalty to Dawson Mercer for Holding.
1:20 of 1st period - Anze Kopitar wins face-off versus Robert Thomas in LOS ANGELES Kings zone.
1:27 of 1st period - Shot by Anze Kopitar.
1:27 of 1st period - Deflect By Pierre Engvall.
1:27 of 1st period - Shot Hit the Post.
1:43 of 1st period - Shot by Pierre Engvall.
1:43 of 1st period - Shot Blocked by Mattias Ekholm.
2:08 of 1st period - Icing by Nikita Kucherov.
2:09 of 1st period - J.T. Miller wins face-off versus Anze Kopitar in MINNESOTA Wild zone.
2:18 of 1st period - Shot by J.T. Miller.
2:18 of 1st period - Shot Misses the Net.
2:20 of 1st period - Shot by Alexandre Carrier.
2:20 of 1st period - Shot Misses the Net.
2:22 of 1st period - Shot by J.T. Miller.
2:22 of 1st period - Shot Misses the Net.
2:24 of 1st period - Shot by Morgan Rielly.
2:24 of 1st period - Shot Misses the Net.
2:33 of 1st period - Nikita Kucherov is hit by Marc Staal and loses puck.
2:44 of 1st period - Shot by J.T. Miller.
2:44 of 1st period - Shot Misses the Net.
2:46 of 1st period - Shot by Tyler Toffoli.
2:46 of 1st period - Stopped by Vitek Vanecek without a rebound.
2:47 of 1st period - Pierre Engvall wins face-off versus Robert Thomas in LOS ANGELES Kings zone.
3:02 of 1st period - Shot by Mattias Ekholm.
3:02 of 1st period - Stopped by Vitek Vanecek without a rebound.
3:03 of 1st period - Oskar Sundqvist wins face-off versus J.T. Miller in LOS ANGELES Kings zone.
3:26 of 1st period - Taylor Hall is hit by Calle Rosen and loses puck.
4:06 of 1st period - Caleb Jones is hit by Marcus Pettersson and loses puck.
4:20 of 1st period - Off-side.
4:21 of 1st period - J.T. Miller wins face-off versus Oskar Sundqvist in neutral zone.
4:48 of 1st period - Shot by Alex Pietrangelo.
4:48 of 1st period - Shot Misses the Net.
5:03 of 1st period - Mattias Ekholm is hit by Marc Staal and loses puck.
5:30 of 1st period - Robert Thomas is hit by Carl Grundstrom and loses puck.
5:35 of 1st period - Shot by Kevin Fiala.
5:35 of 1st period - Goal by Kevin Fiala - MINNESOTA Wild : 1 - LOS ANGELES Kings : 0.
5:36 of 1st period - Anze Kopitar wins face-off versus Anton Lundell in neutral zone.
5:43 of 1st period - Shot by Mitchell Marner.
5:43 of 1st period - Shot Misses the Net.
5:45 of 1st period - Shot by Anze Kopitar.
5:45 of 1st period - Stopped by Ilya Samsonov without a rebound.
5:46 of 1st period - Robert Thomas wins face-off versus Anze Kopitar in MINNESOTA Wild zone.
6:07 of 1st period - Shot by Martin Necas.
6:07 of 1st period - Goal by Martin Necas - MINNESOTA Wild : 2 - LOS ANGELES Kings : 0.
6:08 of 1st period - Mark Stone wins face-off versus J.T. Miller in neutral zone.
6:17 of 1st period - Shot by J.T. Miller.
6:17 of 1st period - Shot Misses the Net.
6:19 of 1st period - Shot by Tyler Toffoli.
6:19 of 1st period - Shot Misses the Net.
6:33 of 1st period - Shot by Nikita Kucherov.
6:33 of 1st period - Shot Misses the Net.
6:35 of 1st period - Shot by J.T. Miller.
6:35 of 1st period - Deflect By Tyler Toffoli.
6:35 of 1st period - Stopped by Vitek Vanecek without a rebound.
6:36 of 1st period - Anze Kopitar wins face-off versus Robert Thomas in LOS ANGELES Kings zone.
6:40 of 1st period - Off-side.
6:41 of 1st period - Anze Kopitar wins face-off versus Robert Thomas in neutral zone.
6:47 of 1st period - Robert Thomas is hit by Anze Kopitar and loses puck.
6:51 of 1st period - Martin Necas is hit by Anze Kopitar and loses puck.
7:13 of 1st period - Morgan Rielly is hit by Drew Doughty and loses puck.
7:16 of 1st period - Shot by Martin Necas.
7:16 of 1st period - Stopped by Vitek Vanecek with a rebound.
7:24 of 1st period - Shot by Kevin Fiala.
7:24 of 1st period - Stopped by Vitek Vanecek without a rebound.
7:25 of 1st period - J.T. Miller wins face-off versus Dawson Mercer in LOS ANGELES Kings zone.
7:53 of 1st period - Off-side.
7:54 of 1st period - Yanni Gourde wins face-off versus Oskar Sundqvist in neutral zone.
8:06 of 1st period - Taylor Hall is hit by Marcus Pettersson and loses puck.
8:35 of 1st period - Icing by Yanni Gourde.
8:36 of 1st period - Yanni Gourde wins face-off versus Dominik Kubalik in MINNESOTA Wild zone.
8:36 of 1st period - Taylor Hall is hit by Dominik Kubalik and loses puck.
8:42 of 1st period - Minor Penalty to Mitchell Marner for Roughing.
8:43 of 1st period - Pierre Engvall wins face-off versus J.T. Miller in LOS ANGELES Kings zone.
9:20 of 1st period - Shot by Mattias Ekholm.
9:20 of 1st period - Stopped by Vitek Vanecek with a rebound.
9:22 of 1st period - Shot by J.T. Miller.
9:22 of 1st period - Stopped by Vitek Vanecek without a rebound.
9:23 of 1st period - Anze Kopitar wins face-off versus Robert Thomas in LOS ANGELES Kings zone.
9:23 of 1st period - Anze Kopitar is hit by Martin Necas.
9:51 of 1st period - Shot by Kevin Fiala.
9:51 of 1st period - Shot Misses the Net.
10:03 of 1st period - Shot by Morgan Rielly.
10:03 of 1st period - Shot Misses the Net.
10:05 of 1st period - Shot by Morgan Rielly.
10:05 of 1st period - Shot Misses the Net.
10:32 of 1st period - Shot by Tyler Toffoli.
10:32 of 1st period - Stopped by Vitek Vanecek without a rebound.
10:33 of 1st period - J.T. Miller wins face-off versus Anze Kopitar in LOS ANGELES Kings zone.
10:36 of 1st period - Shot by Nikita Kucherov.
10:36 of 1st period - Stopped by Vitek Vanecek without a rebound.
10:37 of 1st period - Anze Kopitar wins face-off versus J.T. Miller in LOS ANGELES Kings zone.
11:11 of 1st period - Carl Grundstrom is hit by Caleb Jones and loses puck.
11:14 of 1st period - Shot by Rem Pitlick.
11:14 of 1st period - Shot Misses the Net.
11:16 of 1st period - Shot by Oskar Sundqvist.
11:16 of 1st period - Shot Blocked by Zach Werenski.
11:18 of 1st period - Shot by Marcus Pettersson.
11:18 of 1st period - Stopped by Ilya Samsonov without a rebound.
11:19 of 1st period - J.T. Miller wins face-off versus Anze Kopitar in MINNESOTA Wild zone.
13:08 of 1st period - Icing by Morgan Rielly.
13:09 of 1st period - Oskar Sundqvist wins face-off versus Robert Thomas in MINNESOTA Wild zone.
13:30 of 1st period - Morgan Rielly is hit by Carl Grundstrom and loses puck.
14:18 of 1st period - Shot by Trevor Moore.
14:18 of 1st period - Shot Blocked by Rasmus Andersson.
14:20 of 1st period - Shot by Taylor Hall.
14:20 of 1st period - Goal by Taylor Hall - MINNESOTA Wild : 3 - LOS ANGELES Kings : 0.
14:21 of 1st period - Dawson Mercer wins face-off versus Anton Lundell in neutral zone.
14:39 of 1st period - Icing by Marc Staal.
14:40 of 1st period - J.T. Miller wins face-off versus Dawson Mercer in LOS ANGELES Kings zone.
15:11 of 1st period - Off-side.
15:12 of 1st period - Anze Kopitar wins face-off versus Robert Thomas in neutral zone.
15:35 of 1st period - Shot by Kevin Fiala.
15:35 of 1st period - Shot Misses the Net.
15:45 of 1st period - Shot by Kevin Fiala.
15:45 of 1st period - Shot Misses the Net.
15:47 of 1st period - Shot by Mattias Ekholm.
15:47 of 1st period - Stopped by Vitek Vanecek without a rebound.
15:48 of 1st period - J.T. Miller wins face-off versus Oskar Sundqvist in LOS ANGELES Kings zone.
16:12 of 1st period - Icing by Oskar Sundqvist.
16:13 of 1st period - Yanni Gourde wins face-off versus Carl Grundstrom in LOS ANGELES Kings zone.
16:28 of 1st period - Shot by Yanni Gourde.
16:28 of 1st period - Shot Misses the Net.
17:09 of 1st period - Icing by Nikita Kucherov.
17:10 of 1st period - Tyler Toffoli wins face-off versus Dawson Mercer in MINNESOTA Wild zone.
17:15 of 1st period - Dawson Mercer is hit by J.T. Miller and loses puck.
18:37 of 1st period - Mitchell Marner is hit by Alexandre Carrier and loses puck.
18:41 of 1st period - Icing by Alexandre Carrier.
18:42 of 1st period - Kevin Fiala wins face-off versus Oskar Sundqvist in MINNESOTA Wild zone.
18:42 of 1st period - Kevin Fiala is hit by Carl Grundstrom.
18:45 of 1st period - Icing by Morgan Rielly.
18:46 of 1st period - Oskar Sundqvist wins face-off versus Kevin Fiala in MINNESOTA Wild zone.
18:48 of 1st period - Minor Penalty to Morgan Rielly for Tripping.
18:49 of 1st period - J.T. Miller wins face-off versus Jonathan Huberdeau in MINNESOTA Wild zone.
18:49 of 1st period - J.T. Miller is hit by Anze Kopitar.
19:18 of 1st period - Shot by Hampus Lindholm.
19:18 of 1st period - Deflect By Mitchell Marner.
19:18 of 1st period - Shot Misses the Net.
19:20 of 1st period - Shot by Anze Kopitar.
19:20 of 1st period - Stopped by Ilya Samsonov without a rebound.
19:21 of 1st period - Dawson Mercer wins face-off versus J.T. Miller in MINNESOTA Wild zone.
19:24 of 1st period - Shot by Drew Doughty.
19:24 of 1st period - Stopped by Ilya Samsonov without a rebound.
19:25 of 1st period - J.T. Miller wins face-off versus Dawson Mercer in MINNESOTA Wild zone.
19:56 of 1st period - Shot by Rasmus Andersson.
19:56 of 1st period - Stopped by Ilya Samsonov with a rebound.
19:58 of 1st period - Shot by Mark Stone.
19:58 of 1st period - Stopped by Ilya Samsonov without a rebound.
19:59 of 1st period - J.T. Miller wins face-off versus Anze Kopitar in MINNESOTA Wild zone.
19:59 of 1st period - J.T. Miller is hit by Jonathan Huberdeau.
Goals for this period are 3 for MINNESOTA Wild vs 0 for LOS ANGELES Kings.
Shots for this period are 13 for MINNESOTA Wild vs 6 for LOS ANGELES Kings.

2nd period


0:01 of 2nd period - J.T. Miller wins face-off versus Jonathan Huberdeau in neutral zone.
0:07 of 2nd period - Icing by Mitchell Marner.
0:08 of 2nd period - Anze Kopitar wins face-off versus J.T. Miller in LOS ANGELES Kings zone.
0:24 of 2nd period - Caleb Jones is hit by Anze Kopitar and loses puck.
0:54 of 2nd period - Off-side.
0:55 of 2nd period - Oskar Sundqvist wins face-off versus Robert Thomas in neutral zone.
0:57 of 2nd period - Hampus Lindholm is hit by Mattias Ekholm and loses puck.
1:49 of 2nd period - Robert Thomas is hit by Anze Kopitar and loses puck.
2:42 of 2nd period - Shot by J.T. Miller.
2:42 of 2nd period - Stopped by Vitek Vanecek without a rebound.
2:43 of 2nd period - Yanni Gourde wins face-off versus Mark Stone in LOS ANGELES Kings zone.
2:56 of 2nd period - Shot by Dawson Mercer.
2:56 of 2nd period - Stopped by Ilya Samsonov with a rebound.
2:58 of 2nd period - Shot by Marcus Pettersson.
2:58 of 2nd period - Stopped by Ilya Samsonov with a rebound.
3:00 of 2nd period - Shot by Jonathan Huberdeau.
3:00 of 2nd period - Shot Misses the Net.
3:22 of 2nd period - Shot by Jonathan Huberdeau.
3:22 of 2nd period - Deflect By Dawson Mercer.
3:22 of 2nd period - Stopped by Ilya Samsonov without a rebound.
3:23 of 2nd period - Anton Lundell wins face-off versus Oskar Sundqvist in MINNESOTA Wild zone.
3:42 of 2nd period - Shot by Rem Pitlick.
3:42 of 2nd period - Stopped by Ilya Samsonov without a rebound.
3:43 of 2nd period - Anze Kopitar wins face-off versus J.T. Miller in MINNESOTA Wild zone.
4:00 of 2nd period - Icing by Alexandre Carrier.
4:01 of 2nd period - Dawson Mercer wins face-off versus J.T. Miller in MINNESOTA Wild zone.
4:05 of 2nd period - Jonathan Huberdeau is hit by Alexandre Carrier and loses puck.
4:20 of 2nd period - Shot by Tyler Toffoli.
4:20 of 2nd period - Shot Misses the Net.
4:24 of 2nd period - Shot by J.T. Miller.
4:24 of 2nd period - Shot Misses the Net.
5:37 of 2nd period - Double Minor Penalty to Martin Necas for Slashing.
5:38 of 2nd period - Mark Stone wins face-off versus J.T. Miller in MINNESOTA Wild zone.
5:45 of 2nd period - Shot by Mark Stone.
5:45 of 2nd period - Shot Misses the Net.
5:47 of 2nd period - Shot by Hampus Lindholm.
5:47 of 2nd period - Shot Misses the Net.
5:49 of 2nd period - Shot by Calle Rosen.
5:49 of 2nd period - Shot Misses the Net.
5:51 of 2nd period - Shot by Calle Rosen.
5:51 of 2nd period - Goal by Calle Rosen - MINNESOTA Wild : 3 - LOS ANGELES Kings : 1.
5:52 of 2nd period - J.T. Miller wins face-off versus Anze Kopitar in neutral zone.
6:08 of 2nd period - Shot by Calle Rosen.
6:08 of 2nd period - Stopped by Ilya Samsonov with a rebound.
6:10 of 2nd period - Shot by Mitchell Marner.
6:10 of 2nd period - Stopped by Ilya Samsonov with a rebound.
6:12 of 2nd period - Shot by Calle Rosen.
6:12 of 2nd period - Shot Misses the Net.
6:14 of 2nd period - Shot by Anze Kopitar.
6:14 of 2nd period - Shot Misses the Net.
6:16 of 2nd period - Shot by Hampus Lindholm.
6:16 of 2nd period - Shot Blocked by Alex Pietrangelo.
6:18 of 2nd period - Shot by Hampus Lindholm.
6:18 of 2nd period - Stopped by Ilya Samsonov without a rebound.
6:19 of 2nd period - Dawson Mercer wins face-off versus J.T. Miller in MINNESOTA Wild zone.
6:46 of 2nd period - Shot by Rasmus Andersson.
6:46 of 2nd period - Stopped by Ilya Samsonov without a rebound.
6:47 of 2nd period - Anton Lundell wins face-off versus Anze Kopitar in MINNESOTA Wild zone.
6:47 of 2nd period - Anton Lundell is hit by Jonathan Huberdeau.
6:56 of 2nd period - Icing by Calle Rosen.
6:57 of 2nd period - Anton Lundell wins face-off versus Anze Kopitar in LOS ANGELES Kings zone.
7:09 of 2nd period - Icing by Hampus Lindholm.
7:10 of 2nd period - Anze Kopitar wins face-off versus J.T. Miller in LOS ANGELES Kings zone.
7:10 of 2nd period - Anze Kopitar is hit by Yanni Gourde.
7:30 of 2nd period - Shot by Anze Kopitar.
7:30 of 2nd period - Shot Misses the Net.
7:32 of 2nd period - Shot by Hampus Lindholm.
7:32 of 2nd period - Stopped by Ilya Samsonov without a rebound.
7:33 of 2nd period - Dawson Mercer wins face-off versus Anton Lundell in MINNESOTA Wild zone.
7:33 of 2nd period - Dawson Mercer is hit by Alexandre Carrier.
7:35 of 2nd period - Shot by Rasmus Andersson.
7:35 of 2nd period - Stopped by Ilya Samsonov without a rebound.
7:36 of 2nd period - Yanni Gourde wins face-off versus Dawson Mercer in MINNESOTA Wild zone.
7:50 of 2nd period - Icing by Mark Stone.
7:51 of 2nd period - Oskar Sundqvist wins face-off versus Robert Thomas in LOS ANGELES Kings zone.
8:13 of 2nd period - Calle Rosen is hit by Mattias Ekholm and loses puck.
8:16 of 2nd period - Shot by Oskar Sundqvist.
8:16 of 2nd period - Shot Misses the Net.
8:18 of 2nd period - Shot by Oskar Sundqvist.
8:18 of 2nd period - Shot Misses the Net.
8:52 of 2nd period - Shot by Anze Kopitar.
8:52 of 2nd period - Stopped by Ilya Samsonov without a rebound.
8:53 of 2nd period - Dawson Mercer wins face-off versus J.T. Miller in MINNESOTA Wild zone.
8:53 of 2nd period - Jonathan Huberdeau is hit by Alexandre Carrier and loses puck.
9:09 of 2nd period - Nikita Kucherov is hit by Dawson Mercer and loses puck.
9:23 of 2nd period - Icing by Alexandre Carrier.
9:24 of 2nd period - J.T. Miller wins face-off versus Anze Kopitar in MINNESOTA Wild zone.
9:24 of 2nd period - J.T. Miller is hit by Dominik Kubalik.
9:27 of 2nd period - Icing by Alexandre Carrier.
9:28 of 2nd period - J.T. Miller wins face-off versus Anze Kopitar in MINNESOTA Wild zone.
9:36 of 2nd period - Tyler Toffoli is hit by Rasmus Andersson and loses puck.
9:39 of 2nd period - Shot by J.T. Miller.
9:39 of 2nd period - Stopped by Vitek Vanecek without a rebound.
9:40 of 2nd period - Dawson Mercer wins face-off versus Yanni Gourde in LOS ANGELES Kings zone.
10:41 of 2nd period - Tyler Toffoli is hit by Calle Rosen and loses puck.
11:00 of 2nd period - Tyler Toffoli is hit by Mitchell Marner.
11:26 of 2nd period - Kevin Fiala is hit by Dominik Kubalik and loses puck.
12:29 of 2nd period - Mattias Ekholm is hit by Oskar Sundqvist and loses puck.
12:39 of 2nd period - Minor Penalty to Anton Lundell for Hooking.
12:40 of 2nd period - Dawson Mercer wins face-off versus J.T. Miller in MINNESOTA Wild zone.
12:41 of 2nd period - Shot by Hampus Lindholm.
12:41 of 2nd period - Goal by Hampus Lindholm - MINNESOTA Wild : 3 - LOS ANGELES Kings : 2.
12:42 of 2nd period - Dawson Mercer wins face-off versus J.T. Miller in neutral zone.
12:53 of 2nd period - Shot by Mark Stone.
12:53 of 2nd period - Stopped by Ilya Samsonov without a rebound.
12:54 of 2nd period - Dawson Mercer wins face-off versus Yanni Gourde in MINNESOTA Wild zone.
13:20 of 2nd period - Alex Pietrangelo is hit by Hampus Lindholm and loses puck.
13:35 of 2nd period - Shot by Yanni Gourde.
13:35 of 2nd period - Shot Misses the Net.
14:20 of 2nd period - Icing by Morgan Rielly.
14:21 of 2nd period - Oskar Sundqvist wins face-off versus Tyler Toffoli in MINNESOTA Wild zone.
14:24 of 2nd period - Shot by Rem Pitlick.
14:24 of 2nd period - Deflect By Oskar Sundqvist.
14:24 of 2nd period - Shot Misses the Net.
14:56 of 2nd period - Shot by Oskar Sundqvist.
14:56 of 2nd period - Deflect By Rem Pitlick.
14:56 of 2nd period - Shot Misses the Net.
15:04 of 2nd period - Shot by Kevin Fiala.
15:04 of 2nd period - Stopped by Vitek Vanecek with a rebound.
15:07 of 2nd period - Icing by Calle Rosen.
15:08 of 2nd period - Oskar Sundqvist wins face-off versus Yanni Gourde in LOS ANGELES Kings zone.
15:21 of 2nd period - Shot by Trevor Moore.
15:21 of 2nd period - Shot Misses the Net.
15:23 of 2nd period - Shot by Alex Pietrangelo.
15:23 of 2nd period - Stopped by Vitek Vanecek without a rebound.
15:24 of 2nd period - Anze Kopitar wins face-off versus Robert Thomas in LOS ANGELES Kings zone.
15:29 of 2nd period - Martin Necas is hit by Dominik Kubalik and loses puck.
15:46 of 2nd period - Shot by Robert Thomas.
15:46 of 2nd period - Stopped by Vitek Vanecek without a rebound.
15:47 of 2nd period - Dawson Mercer wins face-off versus Nikita Kucherov in LOS ANGELES Kings zone.
16:10 of 2nd period - Minor Penalty to Hampus Lindholm for Cross-checking.
16:11 of 2nd period - Dawson Mercer wins face-off versus Robert Thomas in LOS ANGELES Kings zone.
16:50 of 2nd period - Shot by Martin Necas.
16:50 of 2nd period - Shot Misses the Net.
17:10 of 2nd period - Shot by Pierre Engvall.
17:10 of 2nd period - Shot Misses the Net.
17:12 of 2nd period - Shot by Marc Staal.
17:12 of 2nd period - Shot Misses the Net.
17:14 of 2nd period - Shot by Pierre Engvall.
17:14 of 2nd period - Shot Misses the Net.
17:20 of 2nd period - Shot by Dawson Mercer.
17:20 of 2nd period - Shot Misses the Net.
17:22 of 2nd period - Shot by Pierre Engvall.
17:22 of 2nd period - Shot Hit the Post.
18:14 of 2nd period - Shot by J.T. Miller.
18:14 of 2nd period - Stopped by Vitek Vanecek without a rebound.
18:15 of 2nd period - Oskar Sundqvist wins face-off versus Yanni Gourde in LOS ANGELES Kings zone.
18:47 of 2nd period - Off-side.
18:48 of 2nd period - J.T. Miller wins face-off versus Anze Kopitar in neutral zone.
18:53 of 2nd period - Shot by Tyler Toffoli.
18:53 of 2nd period - Stopped by Vitek Vanecek with a rebound.
18:55 of 2nd period - Shot by Tyler Toffoli.
18:55 of 2nd period - Stopped by Vitek Vanecek without a rebound.
18:56 of 2nd period - Anze Kopitar wins face-off versus J.T. Miller in LOS ANGELES Kings zone.
19:38 of 2nd period - Shot by Tyler Toffoli.
19:38 of 2nd period - Shot Misses the Net.
Goals for this period are 0 for MINNESOTA Wild vs 2 for LOS ANGELES Kings.
Shots for this period are 8 for MINNESOTA Wild vs 14 for LOS ANGELES Kings.

3rd period


0:01 of 3rd period - J.T. Miller wins face-off versus Dominik Kubalik in neutral zone.
1:33 of 3rd period - Hampus Lindholm is hit by Robert Thomas and loses puck.
1:56 of 3rd period - Shot by Yanni Gourde.
1:56 of 3rd period - Stopped by Vitek Vanecek without a rebound.
1:57 of 3rd period - Anze Kopitar wins face-off versus Yanni Gourde in LOS ANGELES Kings zone.
1:57 of 3rd period - Anze Kopitar is hit by Yanni Gourde.
2:02 of 3rd period - Off-side.
2:03 of 3rd period - Anze Kopitar wins face-off versus Mathieu Joseph in neutral zone.
2:12 of 3rd period - Shot by Anton Lundell.
2:12 of 3rd period - Stopped by Vitek Vanecek without a rebound.
2:13 of 3rd period - Anze Kopitar wins face-off versus J.T. Miller in LOS ANGELES Kings zone.
2:54 of 3rd period - Shot by Mattias Ekholm.
2:54 of 3rd period - Shot Misses the Net.
2:56 of 3rd period - Shot by Mattias Ekholm.
2:56 of 3rd period - Shot Misses the Net.
2:58 of 3rd period - Shot by Alex Pietrangelo.
2:58 of 3rd period - Shot Blocked by Rasmus Andersson.
3:19 of 3rd period - Robert Thomas is hit by Marc Staal and loses puck.
3:25 of 3rd period - Icing by Marc Staal.
3:26 of 3rd period - Yanni Gourde wins face-off versus Dawson Mercer in LOS ANGELES Kings zone.
3:26 of 3rd period - Trevor Moore is hit by Hampus Lindholm and loses puck.
3:43 of 3rd period - Shot by Dawson Mercer.
3:43 of 3rd period - Stopped by Ilya Samsonov without a rebound.
3:44 of 3rd period - Robert Thomas wins face-off versus Oskar Sundqvist in MINNESOTA Wild zone.
3:53 of 3rd period - Martin Necas is hit by Oskar Sundqvist and loses puck.
4:10 of 3rd period - Shot by Kevin Fiala.
4:10 of 3rd period - Deflect By Robert Thomas.
4:10 of 3rd period - Shot Blocked by Oskar Sundqvist.
4:38 of 3rd period - Tyler Toffoli is hit by Marcus Pettersson and loses puck.
5:14 of 3rd period - Shot by J.T. Miller.
5:14 of 3rd period - Shot Misses the Net.
5:16 of 3rd period - Shot by J.T. Miller.
5:16 of 3rd period - The goal is going for a video replay.
5:16 of 3rd period - The goal is refused.
5:17 of 3rd period - Jonathan Huberdeau wins face-off versus Yanni Gourde in LOS ANGELES Kings zone.
5:26 of 3rd period - Shot by Mark Stone.
5:26 of 3rd period - Stopped by Ilya Samsonov without a rebound.
5:27 of 3rd period - Dominik Kubalik wins face-off versus Anton Lundell in MINNESOTA Wild zone.
5:27 of 3rd period - Rasmus Andersson is hit by Caleb Jones and loses puck.
5:51 of 3rd period - Icing by Denis Malgin.
5:52 of 3rd period - Dawson Mercer wins face-off versus Anton Lundell in MINNESOTA Wild zone.
6:19 of 3rd period - Denis Malgin is hit by Marc Staal and loses puck.
6:29 of 3rd period - Icing by Jonathan Huberdeau.
6:30 of 3rd period - J.T. Miller wins face-off versus Dawson Mercer in LOS ANGELES Kings zone.
6:30 of 3rd period - J.T. Miller is hit by Hampus Lindholm.
6:41 of 3rd period - Icing by Dawson Mercer.
6:42 of 3rd period - Dawson Mercer wins face-off versus Robert Thomas in LOS ANGELES Kings zone.
7:04 of 3rd period - Off-side.
7:05 of 3rd period - Anze Kopitar wins face-off versus J.T. Miller in neutral zone.
7:27 of 3rd period - Nikita Kucherov is hit by Rasmus Andersson and loses puck.
7:38 of 3rd period - Shot by Mitchell Marner.
7:38 of 3rd period - Stopped by Ilya Samsonov without a rebound.
7:39 of 3rd period - Robert Thomas wins face-off versus Oskar Sundqvist in MINNESOTA Wild zone.
8:36 of 3rd period - Anze Kopitar is hit by Robert Thomas and loses puck.
8:56 of 3rd period - J.T. Miller is hit by Drew Doughty and loses puck.
9:55 of 3rd period - Shot by Trevor Moore.
9:55 of 3rd period - Shot Blocked by Rasmus Andersson.
11:21 of 3rd period - Mattias Ekholm is hit by Jonathan Huberdeau and loses puck.
11:37 of 3rd period - Shot by Dawson Mercer.
11:37 of 3rd period - Shot Misses the Net.
12:18 of 3rd period - J.T. Miller is hit by Marcus Pettersson and loses puck.
12:46 of 3rd period - Dawson Mercer is hit by Zach Werenski and loses puck.
12:53 of 3rd period - Shot by Dawson Mercer.
12:53 of 3rd period - Shot Misses the Net.
12:55 of 3rd period - Shot by Dawson Mercer.
12:55 of 3rd period - Stopped by Ilya Samsonov without a rebound.
12:56 of 3rd period - Oskar Sundqvist wins face-off versus Yanni Gourde in MINNESOTA Wild zone.
13:15 of 3rd period - Shot by Mitchell Marner.
13:15 of 3rd period - Shot Blocked by Morgan Rielly.
13:24 of 3rd period - Yanni Gourde is hit by Marcus Pettersson and loses puck.
14:06 of 3rd period - Shot by Mattias Ekholm.
14:06 of 3rd period - Stopped by Vitek Vanecek without a rebound.
14:07 of 3rd period - J.T. Miller wins face-off versus Mitchell Marner in LOS ANGELES Kings zone.
14:08 of 3rd period - Shot by Nikita Kucherov.
14:08 of 3rd period - Stopped by Vitek Vanecek with a rebound.
14:28 of 3rd period - Shot by Mitchell Marner.
14:28 of 3rd period - Stopped by Ilya Samsonov without a rebound.
14:29 of 3rd period - Anze Kopitar wins face-off versus Robert Thomas in MINNESOTA Wild zone.
14:30 of 3rd period - Shot by Mitchell Marner.
14:30 of 3rd period - Shot Blocked by Alex Pietrangelo.
14:32 of 3rd period - Shot by Anze Kopitar.
14:32 of 3rd period - Stopped by Ilya Samsonov without a rebound.
14:33 of 3rd period - Robert Thomas wins face-off versus Anze Kopitar in MINNESOTA Wild zone.
14:43 of 3rd period - Icing by Pierre Engvall.
14:44 of 3rd period - Anze Kopitar wins face-off versus J.T. Miller in LOS ANGELES Kings zone.
14:53 of 3rd period - J.T. Miller is hit by Joel Kiviranta and loses puck.
15:40 of 3rd period - Alexandre Carrier is hit by Jonathan Huberdeau and loses puck.
15:55 of 3rd period - Rasmus Andersson is hit by Alexandre Carrier and loses puck.
16:07 of 3rd period - Icing by Morgan Rielly.
16:08 of 3rd period - Oskar Sundqvist wins face-off versus Nikita Kucherov in MINNESOTA Wild zone.
16:13 of 3rd period - Shot by Rem Pitlick.
16:13 of 3rd period - Deflect By Carl Grundstrom.
16:13 of 3rd period - Stopped by Ilya Samsonov with a rebound.
17:11 of 3rd period - Shot by Anze Kopitar.
17:11 of 3rd period - Stopped by Ilya Samsonov without a rebound.
17:12 of 3rd period - Dawson Mercer wins face-off versus Robert Thomas in MINNESOTA Wild zone.
17:21 of 3rd period - Martin Necas is hit by Dawson Mercer and loses puck.
17:32 of 3rd period - Shot by Robert Thomas.
17:32 of 3rd period - Stopped by Vitek Vanecek with a rebound.
17:34 of 3rd period - Shot by Martin Necas.
17:34 of 3rd period - Shot Misses the Net.
17:48 of 3rd period - Shot by Kevin Fiala.
17:48 of 3rd period - Shot Blocked by Rasmus Andersson.
18:27 of 3rd period - Dominik Kubalik is hit by Caleb Jones and loses puck.
18:42 of 3rd period - Shot by Yanni Gourde.
18:42 of 3rd period - Deflect By Trevor Moore.
18:42 of 3rd period - Stopped by Vitek Vanecek without a rebound.
18:43 of 3rd period - Anton Lundell wins face-off versus Oskar Sundqvist in LOS ANGELES Kings zone.
18:48 of 3rd period - Shot by Mattias Ekholm.
18:48 of 3rd period - Shot Blocked by Marcus Pettersson.
19:08 of 3rd period - Shot by Anton Lundell.
19:08 of 3rd period - Stopped by Vitek Vanecek with a rebound.
19:26 of 3rd period - LOS ANGELES Kings, Vitek Vanecek is pulled from the net.
19:53 of 3rd period - Shot by Drew Doughty.
19:53 of 3rd period - Shot Misses the Net.
Goals for this period are 0 for MINNESOTA Wild vs 0 for LOS ANGELES Kings.
Shots for this period are 8 for MINNESOTA Wild vs 8 for LOS ANGELES Kings. Output by the SimonT Hockey Simulator (STHS) for Martin Benoit - Original Page W3C HTML5 Valid
Hockey Simulator - Hockey Simulation - Hockey Manager